AoeStats
← alejo2389

Arabia

507629666Analyzed
1v1 RM · 14d ago on Sep 19, 2026· 49m 41s· 2 players
Game mode
Random Map
Map size
Tiny (2 player)
Population
200
Speed
Normal
Resources
Standard
Victory
Conquest
Starting age
Dark Age
Ending age
Imperial Age
RankedLock teamsTeams togetherTeam positionsShared explorationLock speedFull tech treeHidden civsTurbo modeCheats
Victory
Defeat
🇨🇴 Goths · Colombia
535
+16
🇨🇷 Gurjaras · Costa Rica
526
-24
leoagv06
9:22 Loom
13:46 Feudal Age
15:56 Double-Bit Axe
15:59 Arson
15:34 Man-at-Arms
16:48 Forging
20:56 Fletching
21:09 Scale Mail Armor
22:14 Horse Collar
22:29 Gold Mining
28:38 Castle Age
29:18 Bodkin Arrow
30:02 Iron Casting
29:24 Bodkin Arrow
alejo2389
2:15 Loom
14:52 Feudal Age
17:28 Scale Barding Armor
25:32 Castle Age
24:57 Fletching
25:52 Town Watch
29:48 Husbandry
33:14 Scale Mail Armor
34:26 Chain Barding Armor
35:46 Forging
38:26 Double-Bit Axe
38:25 Horse Collar
40:11 Wheelbarrow
42:46 Imperial Age
40:41 Heavy Plow
42:24 Iron Casting
42:03 Bloodlines
42:28 Hand Cart
42:38 Chain Mail Armor
42:52 Cavalier
44:35 Blast Furnace
44:04 Town Patrol
45:32 Crop Rotation
49:01 Pikeman
Connection lost

Rejoining the realm…

Still unreachable

The connection could not be restored.

Session expired

The server has moved on; the page needs a fresh start.